 Dungeon Crawl Stone Soup version 0.23-a0-696-gf95311e5ea (webtiles) character file.

228336 MirrMurr the Peltast (level 20, -7/145 HPs)
             Began as a Halfling Berserker on Jan 12, 2019.
             Was a Priest of Trog.
             Killed from afar by a quicksilver dragon (44 damage)
             ... with a bolt of dispelling energy
             ... on level 3 of the Vaults.
             The game lasted 01:57:48 (42909 turns).

MirrMurr the Peltast (Halfling Berserker)          Turns: 42909, Time: 01:57:50

Health: -7/145     AC: 27    Str: 23    XL:     20   Next: 19%
Magic:  20/20      EV: 22    Int:  5    God:    Trog [***...]
Gold:   2976       SH: 20    Dex: 18    Spells: 19/19 levels left

rFire    + . .     SeeInvis .   b - +8 arc blade {discharge, rElec}
rCold    + . .     Gourm    .   X - +0 shield
rNeg     . . .     Faith    .   n - +1 plate armour of the Snail {rCorr}
rPois    .         Spirit   .   O - +2 helmet
rElec    +         Reflect  +   R - scarf {rC+ rF+}
rCorr    +         Harm     .   B - +2 pair of gloves
MR       ++...                  s - +1 pair of boots
Stlth    ..........             d - +5 amulet of reflection
HPRegen  0.34/turn              l - ring of protection from magic
MPRegen  0.17/turn              C - +4 ring of evasion

@: drained
A: small, mutation resistance 1
}: 1/15 runes: barnacled
a: Berserk, Trog's Hand, Renounce Religion


You were on level 3 of the Vaults.
You worshipped Trog.
Trog was most pleased with you.
You were not hungry.

You visited 6 branches of the dungeon, and saw 31 of its levels.
You also visited: Trove, Ossuary and Bailey.

You collected 4773 gold pieces.
You spent 1797 gold pieces at shops.

Inventory:

Hand Weapons
 a - the +3 fustibalus of the Moth {flame, +Fly rF+ rC+}
   (Trog gifted it to you on level 9 of the Dungeon)

   It causes projectiles fired from it to burn those they strike, causing extra
   injury to most foes and up to half again as much damage against particularly
   susceptible opponents.
   It protects you from fire.
   It protects you from cold.
   It lets you fly.
 b - the +8 arc blade (weapon) {discharge, rElec}
   (You bought it in a shop on level 2 of the Orcish Mines)

   It insulates you from electricity.
 q - a +5 blowgun
 w - a +6 scimitar of flaming
Missiles
 m - 4 curare-tipped needles
 x - 360 stones (quivered)
 y - 117 poisoned needles
 G - 4 needles of sleeping
 K - 447 sling bullets
 Q - 8 throwing nets {!f}
Armour
 n - the +1 plate armour of the Snail (worn) {rCorr}
   (You found it on level 6 of the Lair of Beasts)

   It provides partial protection from all sources of acid and corrosion.
 s - a +1 pair of boots (worn)
 B - a +2 pair of gloves (worn)
 O - a +2 helmet (worn)
 R - a scarf of resistance (worn)
 X - a +0 shield (worn)
Jewellery
 d - a +5 amulet of reflection (around neck)
 l - a ring of protection from magic (left hand)
 v - an uncursed ring of protection from fire
 A - an uncursed ring of ice
 C - a +4 ring of evasion (right hand)
 D - an uncursed ring of resist corrosion
 M - an uncursed ring of see invisible
 Z - an uncursed ring of flight
Wands
 h - a wand of clouds (7)
 J - a wand of iceblast (24)
 T - a wand of scattershot (10)
 Y - a wand of acid (18)
Scrolls
 i - 4 scrolls of identify
 k - 7 scrolls of teleportation
 r - 18 scrolls of remove curse
 F - 5 scrolls of magic mapping
 N - a scroll of blinking
 P - 3 scrolls of fog
 U - 5 scrolls of immolation
 V - 2 scrolls of silence
Potions
 e - 9 potions of haste
 f - a potion of might
 g - 5 potions of flight
 j - 5 potions of heal wounds
 p - a potion of cancellation
 t - a potion of mutation
 u - 6 potions of agility
 z - 3 potions of lignification
 E - 3 potions of resistance
 I - 11 potions of curing
 L - a potion of invisibility
 S - 2 potions of ambrosia
Miscellaneous
 W - a phantom mirror
Comestibles
 c - 44 rations
 o - 4 chunks of flesh


   Skills:
 + Level 15.0(13.9) Fighting
 - Level 14.0(12.9) Long Blades
 - Level 14.0(12.9) Slings
 + Level 15.7(14.6) Armour
 + Level 15.7(14.6) Dodging
 * Level 15.9(14.8) Shields


You had 19 spell levels left.
You didn't know any spells.
Your spell library was empty.

Dungeon Overview and Level Annotations

Branches:
Dungeon (15/15)            Temple (1/1) D:7            Lair (6/6) D:9
 Shoals (4/4) Lair:4       Spider (0/4) Lair:3        Slime (0/5) Lair:6
    Orc (2/2) D:9             Elf (0/3) Orc:2        Vaults (3/5) D:13
  Crypt (0/3) Vaults:2     Depths (0/5) D:15

Altars:
Dithmenos
Elyvilon
Fedhas
Gozag
Hepliaklqana
Kikubaaqudgha
Nemelex Xobeh
Okawaru
Qazlal
Trog
Vehumet
Wu Jian
Xom
Yredelemnul
Zin
The Shining One
Beogh
Jiyva

Shops:
D:8 *   Orc:2 :([[

Annotations:
D:3 Grinder
D:5 1 runed door, Shaidar's ghost, novice MiBe
Lair:5 3 runed doors, Joyc's ghost, journeyman MiBe
Lair:6 1 runed door, oberejnoburuli's ghost, journeyman OgFi


Innate Abilities, Weirdness & Mutations

You are small and have problems with some larger weapons.
You are somewhat resistant to further mutation.


Message History

You are too injured to fight recklessly!
You are too injured to fight recklessly!
You are too injured to fight recklessly!
You are too injured to fight recklessly!
You are too injured to fight recklessly!
You are too injured to fight recklessly!
Unknown command.
You hit the quicksilver dragon.
The quicksilver dragon is moderately wounded.
You block the quicksilver dragon's attack.
The quicksilver dragon claws you.
* * * LOW HITPOINT WARNING * * *
You puncture the quicksilver dragon!
The arc blade crackles.
The quicksilver dragon is struck by an arc of lightning.
The quicksilver dragon is heavily wounded.
You are struck by an arc of lightning.
You resist.
The quicksilver dragon is heavily wounded.
The quicksilver dragon breathes dispelling energy at you.
The bolt of dispelling energy hits you!
You die...

..#'o #......# .(.c ##'#####
.'.. #......# #'' #......#
##.c## ### #......# ##....##
##.## #......# ##......##
##...## #......#
#......((###.....###..>...#
#....##[(.)(D@...[..)[.....#
#... #..(.'........#....[.#
##......(.###.....#######)####
##......## ##...## #....)....
##..(.## ##.## #..[...... ##
##..## ### #......... .# #''
#......... .# ... #.........
.# #.........


You could see a quicksilver dragon.

Vanquished Creatures
  A kraken (Shoals:4)
  A shadow dragon (Vaults:3)
  Kirke (Lair:5)
  A storm dragon (Vaults:3)
  A fire giant (D:15)
  2 vault wardens
  2 orc warlords (Vaults:3)
  4 ironheart preservers
  2 stone giants (Vaults:2)
  A vampire knight (Vaults:3)
  Azrael (D:14)
  The ghost of Wolly the Unseen, a journeyman SpEn of Gozag (D:13)
  2 merfolk javelineers
  Snorg (Orc:1)
  An ettin (Orc:2)
  5 yaktaur captains
  6 merfolk impalers (Shoals:4)
  9 hydras
  8 ogre magi
  5 fire dragons
  Fannar (D:11)
  2 ice dragons (Vaults:3)
  A great orb of eyes (Vaults:3)
  2 rakshasas (Vaults:2)
  8 vault guards (Vaults:3)
  2 catoblepae
  3 merfolk aquamancers
  4 merfolk avatars
  A death knight (Vaults:3)
  23 two-headed ogres
  A dancing weapon (Vaults:3)
  6 centaur warriors
  A deep troll shaman (Vaults:2)
  A deep troll earth mage (Vaults:2)
  2 satyrs
  A tengu warrior (D:15)
  2 deep elf knights (Vaults:3)
  An orc high priest (Orc:2)
  Sonja (D:10)
  11 skeletal warriors
  2 flayed ghosts
  8 deep trolls (Vaults:2)
  3 unseen horrors
  14 sea snakes
  A lindwurm (Lair:6)
  3 deep elf archers
  A wizard (Vaults:3)
  9 ironbrand convokers
  21 harpies
  11 orc knights
  5 deep elf magi
  3 wolf spiders
  25 ugly things
  An oklob plant (Shoals:2)
  5 orc sorcerers
  10 manticores
  A centaur zombie (D:15)
  7 fauns
  Maurice (D:9)
  5 black mambas
  3 elephants
  6 cyclopes
  7 merfolk sirens
  8 water nymphs
  An eye of devastation (shapeshifter) (Vaults:2)
  3 vault sentinels
  27 spiny frogs
  3 gargoyles
  A rime drake (Lair:6)
  3 kobold demonologists
  7 komodo dragons
  An efreet (D:15)
  3 tengu conjurers
  2 freezing wraiths (Vaults:3)
  15 yaktaurs
  6 trolls
  A guardian mummy (Vaults:1)
  A meliai (D:10)
  3 tyrant leeches (Lair:6)
  26 merfolk
  5 wind drakes
  15 blink frogs
  Prince Ribbit (D:6)
  10 slime creatures
  6 hornets
  8 snapping turtles
  10 hippogriffs
  3 dream sheep (Shoals:1)
  Sigmund (D:3)
  4 wraiths
  4 wyverns
  11 water elementals
  A shadow (D:11)
  36 yaks
  A vampire (D:11)
  A hog (Lair:5)
  2 basilisks
  A fire elemental (D:14)
  Eustachio (D:6)
  2 basilisks (shapeshifter)
  14 vampire mosquitoes
  2 hungry ghosts
  7 wargs
  3 acid dragons
  Edmund (D:4)
  5 hell hounds (D:14)
  A soldier ant (D:11)
  12 water moccasins
  7 porcupines
  4 phantoms
  4 sky beasts
  54 orc warriors
  34 ogres
  An eye of draining (shapeshifter) (Vaults:1)
  2 necrophages
  4 ice beasts
  An eye of draining (D:10)
  7 boggarts
  16 centaurs
  12 wolves
  7 crocodiles
  6 big kobolds
  29 bullfrogs
  A gnoll sergeant (D:5)
  A wyvern zombie (D:11)
  8 scorpions
  17 killer bees
  A howler monkey (D:11)
  3 wights (D:10)
  3 electric eels
  4 crimson imps
  3 quasits
  A bullfrog zombie (D:11)
  5 centaur skeletons
  5 hounds
  3 jellies
  25 orc priests
  6 bullfrog skeletons
  6 hell rats
  19 orc wizards
  4 iguanas
  7 worker ants
  2 hound zombies (D:11)
  2 hound skeletons (D:11)
  12 mummies (Ossuary)
  Robin (D:4)
  3 worker ant zombies
  2 gnolls (Bailey)
  7 adders
  8 river rats (Lair:1)
  5 shadow imps
  2 adder zombies
  3 adder skeletons
  3 worms
  4 dart slugs
  9 leopard geckos
  138 orcs
  5 giant cockroaches
  12 hobgoblins
  31 kobolds
  3 quokkas
  A ball python (D:1)
  3 bats
  4 frilled lizards
  A giant cockroach zombie (D:5)
  4 gnoll skeletons (Ossuary)
  14 goblins
  2 goblin skeletons
  A goblin zombie (D:6)
  A hobgoblin zombie (D:6)
  A jackal skeleton (D:5)
  2 kobold skeletons
  3 kobold zombies (D:6)
  2 orc skeletons (Ossuary)
  An orc zombie (D:6)
  12 rats
  11 rat skeletons (Ossuary)
  A fungus (Lair:5)
  5 plants
  A tentacle (Shoals:4)
1192 creatures vanquished.

Vanquished Creatures (collateral kills)
  Saint Roka (Orc:2)
  A harpy (Shoals:1)
  A black mamba (Lair:6)
  A water nymph (Shoals:1)
  A merfolk (Shoals:1)
  A troll (Orc:1)
  A wind drake (Shoals:2)
  A hippogriff (Shoals:1)
  2 water elementals (Shoals:2)
  2 orc warriors (Orc:1)
  A crocodile (Lair:6)
  An orc priest (Orc:1)
  An orc wizard (Orc:1)
  8 orcs
23 creatures vanquished.

Vanquished Creatures (others)
  Nessos (D:13)
  A merfolk javelineer (Shoals:4)
  2 centaur warriors
  A satyr (Shoals:4)
  6 cyclopes
  2 fauns
  A manticore (Shoals:4)
  A rime drake (Lair:6)
  6 yaktaurs
  3 centaurs
  2 boggarts
  22 fungi
  67 plants
  19 tentacles (Shoals:4)
134 creatures vanquished.

Grand Total: 1349 creatures vanquished

Notes
Turn   | Place    | Note
-------+----------+-------------------------------------------
     0 | D:1      | MirrMurr the Halfling Berserker began the quest for the
                  | Orb.
     0 | D:1      | Reached XP level 1. HP: 15/15 MP: 1/1
   149 | D:1      | Reached XP level 2. HP: 12/20 MP: 2/2
   739 | D:1      | Reached XP level 3. HP: 21/25 MP: 3/3
   867 | D:2      | Found a glowing silver altar of Zin.
  1091 | D:2      | Reached ** piety under Trog
  1564 | D:3      | Noticed Sigmund
  1639 | D:3      | Killed Sigmund
  1639 | D:3      | Reached XP level 4. HP: 31/31 MP: 4/4
  1639 | D:3      | Reached XP level 5. HP: 36/36 MP: 5/5
  1639 | D:3      | Reached XP level 6. HP: 42/42 MP: 6/6
  1816 | D:3      | Found a white marble altar of Elyvilon.
  1816 | D:3      | Found a blossoming altar of Fedhas.
  2008 | D:3      | Found an iron altar of Okawaru.
  2308 | D:3      | Found a shimmering altar of Xom.
  2308 | D:3      | Found an opulent altar of Gozag.
  2340 | D:4      | Noticed Grinder
  2410 | D:3      | Paralysed by Grinder for 2 turns
  2624 | D:4      | Noticed a phantom
  2661 | D:4      | Killed a phantom
  2661 | D:4      | Reached skill level 5 in Long Blades
  2771 | D:4      | Noticed an ogre
  2781 | D:4      | Killed an ogre
  2781 | D:4      | Reached XP level 7. HP: 34/47 MP: 7/7
  3007 | D:4      | Found a radiant altar of Vehumet.
  3063 | D:4      | Noticed Edmund
  3081 | D:4      | Killed Edmund
  3120 | D:4      | Found a white marble altar of Elyvilon.
  3164 | D:4      | Noticed Robin
  3179 | D:4      | Killed Robin
  3647 | D:4      | Reached XP level 8. HP: 44/54 MP: 8/8
  3864 | D:5      | Entered Level 5 of the Dungeon
  3937 | D:5      | Noticed Shaidar's ghost (novice MiBe)
  3940 | D:5      | Found a runed door.
  3950 | D:5      | Reached *** piety under Trog
  4181 | D:5      | Reached skill level 1 in Shields
  4392 | D:5      | Found a blossoming altar of Fedhas.
  4457 | D:5      | Reached skill level 5 in Armour
  4457 | D:5      | Reached skill level 5 in Dodging
  4788 | D:6      | Found a hazy altar of Hepliaklqana.
  4788 | D:6      | Found a sparkling altar of Nemelex Xobeh.
  4812 | D:6      | Reached XP level 9. HP: 53/60 MP: 9/9
  4905 | D:6      | Found a glowing golden altar of the Shining One.
  4945 | D:6      | Noticed Eustachio
  4980 | D:6      | Reached skill level 5 in Fighting
  5140 | D:6      | Killed Eustachio
  5320 | D:6      | Found an ornate altar of the Wu Jian Council.
  5351 | D:6      | Noticed Prince Ribbit
  5366 | D:6      | Killed Prince Ribbit
  5496 | D:6      | Reached **** piety under Trog
  5653 | D:6      | Got a transparent buckler
  5664 | D:6      | Identified the cursed +0 buckler of the Well-Known Yaks
                  | {rF+ rC+} (You found it on level 6 of the Dungeon)
  5725 | D:7      | Reached skill level 1 in Slings
  5826 | D:7      | Found a staircase to the Ecumenical Temple.
  5838 | Temple   | Entered the Ecumenical Temple
  6295 | D:8      | Found a shadowy altar of Dithmenos.
  6408 | D:8      | Found Nezxirch's General Store.
  6411 | D:8      | Bought 17 sling bullets for 110 gold pieces
  6464 | D:8      | Found a sand-covered staircase.
  6470 | Ossuary  | Entered an ossuary
  6498 | Ossuary  | Received a gift from Trog
  6581 | Ossuary  | Reached XP level 10. HP: 67/67 MP: 10/10
  6608 | Ossuary  | Reached XP level 11. HP: 72/72 MP: 11/11
  7136 | D:8      | Reached ***** piety under Trog
  7503 | D:9      | Noticed Maurice
  7553 | D:9      | Killed Maurice
  7788 | D:9      | Found a staircase to the Lair.
  7811 | D:9      | Received a gift from Trog
  7842 | D:9      | Got a warped fustibalus {god gift}
  7843 | D:9      | Identified the +3 fustibalus of the Moth {flame, +Fly rF+
                  | rC+} (Trog gifted it to you on level 9 of the Dungeon)
  8117 | D:9      | Found a roughly hewn altar of Beogh.
  8117 | D:9      | Found a staircase to the Orcish Mines.
  8621 | D:10     | Entered Level 10 of the Dungeon
  9050 | D:10     | Reached skill level 5 in Shields
  9405 | D:11     | Noticed a fire dragon
  9458 | D:11     | Paralysed by a hornet for 3 turns
  9459 | D:11     | Noticed Sonja
  9669 | D:11     | Paralysed by Sonja for 5 turns
  9886 | D:10     | Killed Sonja
 10398 | D:11     | Reached XP level 12. HP: 80/80 MP: 12/12
 11080 | D:11     | Noticed Fannar
 11093 | D:11     | Killed Fannar
 11115 | D:11     | Noticed a two-headed ogre
 11128 | D:11     | Killed a two-headed ogre
 11386 | D:11     | Noticed a centaur warrior
 11397 | D:11     | Killed a centaur warrior
 11484 | D:11     | Received a gift from Trog
 11544 | D:11     | Noticed a centaur warrior
 11551 | D:11     | Killed a centaur warrior
 11612 | D:11     | Noticed a two-headed ogre
 11626 | D:11     | Killed a two-headed ogre
 12114 | Lair:1   | Entered Level 1 of the Lair of Beasts
 12307 | Lair:1   | Reached XP level 13. HP: 81/86 MP: 13/13
 12347 | Lair:1   | Found a stormy altar of Qazlal.
 12758 | Lair:1   | Received a gift from Trog
 13752 | Lair:2   | Noticed a five-headed hydra
 13769 | Lair:2   | Killed a five-headed hydra
 14108 | Lair:2   | Noticed a four-headed hydra
 14118 | Lair:2   | Killed a four-headed hydra
 14621 | Lair:3   | Received a gift from Trog
 14662 | Lair:3   | Identified a scroll of acquirement
 14897 | Lair:3   | Noticed a six-headed hydra
 14903 | Lair:3   | Killed a six-headed hydra
 14911 | Lair:3   | Found a hole to the Spider Nest.
 14958 | Lair:3   | Received a gift from Trog
 15367 | Lair:3   | Found a shimmering altar of Xom.
 15530 | Lair:4   | Noticed an eight-headed hydra
 15541 | Lair:4   | Killed an eight-headed hydra
 15541 | Lair:4   | Reached skill level 10 in Dodging
 15702 | Lair:4   | Noticed a four-headed hydra
 15715 | Lair:4   | Killed a four-headed hydra
 15715 | Lair:4   | Reached skill level 10 in Armour
 15847 | Lair:4   | Found a staircase to the Shoals.
 15867 | Lair:4   | Noticed a catoblepas
 15877 | Lair:4   | Killed a catoblepas
 15877 | Lair:4   | Reached XP level 14. HP: 97/97 MP: 14/14
 16172 | Lair:5   | Reached ****** piety under Trog
 16305 | Lair:5   | Found a runed gate.
 16305 | Lair:5   | Found a runed gate.
 16305 | Lair:5   | Found a runed gate.
 16456 | Lair:5   | Received a gift from Trog
 16489 | Lair:5   | Noticed a minotaur
 16490 | Lair:5   | Noticed Joyc's ghost (journeyman MiBe)
 16549 | Lair:5   | Noticed Kirke
 16576 | Lair:5   | Killed Kirke
 16963 | Lair:6   | Entered Level 6 of the Lair of Beasts
 17015 | Lair:5   | Reached skill level 10 in Fighting
 18349 | Lair:6   | Received a gift from Trog
 18390 | Lair:6   | Reached XP level 15. HP: 78/106 MP: 15/15
 18557 | Lair:6   | Found a runed door.
 18557 | Lair:6   | Noticed oberejnoburuli's ghost (journeyman OgFi)
 18559 | Lair:6   | Identified the +3 trident "Cioniaqi" {pierce, Int+3}
 18821 | Lair:6   | Got a bloodstained plate armour
 18832 | Lair:6   | Identified the cursed +1 plate armour of the Snail {rCorr}
                  | (You found it on level 6 of the Lair of Beasts)
 18856 | Lair:6   | Found a viscous altar of Jiyva.
 18856 | Lair:6   | Found a staircase to the Slime Pits.
 19687 | D:12     | Received a gift from Trog
 20569 | D:13     | Noticed Nessos
 20589 | D:13     | Killed Nessos
 21399 | D:13     | Found a gate to the Vaults.
 21599 | D:13     | Found a runed door.
 21599 | D:13     | Noticed Wolly's ghost (journeyman SpEn)
 21634 | D:13     | Killed Wolly's ghost
 21639 | D:13     | Got a smoking steel ring
 21641 | D:13     | Identified the ring "Licsam" {Fire +Fly Str+2} (You found
                  | it on level 13 of the Dungeon)
 21867 | D:14     | Noticed Azrael
 21892 | D:14     | Killed Azrael
 21924 | D:14     | Received a gift from Trog
 22014 | D:14     | Found a flagged portal.
 22052 | Bailey   | Entered a bailey
 22176 | Bailey   | Received a gift from Trog
 22785 | D:14     | Received a gift from Trog
 22884 | D:14     | Got a polished hunting sling {god gift}
 22885 | D:14     | Identified the +6 hunting sling of Peril {freeze, Fragile
                  | rElec Int+2 Dex+2} (Trog gifted it to you on level 14 of
                  | the Dungeon)
 23706 | D:15     | Entered Level 15 of the Dungeon
 23826 | D:15     | Reached XP level 16. HP: 84/116 MP: 16/16
 24353 | D:15     | Found a staircase to the Depths.
 24353 | D:15     | Noticed a fire giant
 24369 | D:15     | Killed a fire giant
 25077 | Orc:1    | Entered Level 1 of the Orcish Mines
 25077 | Orc:1    | Noticed Snorg
 25126 | Orc:1    | Killed Snorg
 25283 | Orc:2    | Entered Level 2 of the Orcish Mines
 25739 | Orc:2    | Found a staircase to the Elven Halls.
 26019 | Orc:2    | Found a roughly hewn altar of Beogh.
 26077 | Orc:2    | Found a roughly hewn altar of Beogh.
 26204 | Orc:2    | Found a roughly hewn altar of Beogh.
 26256 | Orc:2    | Found Gokif's Armour Boutique.
 26406 | Orc:2    | Received a gift from Trog
 26717 | Orc:2    | Found a roughly hewn altar of Beogh.
 26751 | Orc:2    | Found a roughly hewn altar of Beogh.
 26805 | Orc:2    | Found Dacex's Book Shop.
 26937 | Orc:2    | Noticed Saint Roka
 26969 | Orc:2    | Killed Saint Roka
 27376 | Orc:2    | Found a roughly hewn altar of Beogh.
 27376 | Orc:2    | Found Mulo Laoseext's Antique Armour Shop.
 27378 | Orc:2    | Found Hoxub's Antique Weapon Boutique.
 28081 | Orc:2    | Bought the +8 arc blade {discharge, rElec} for 1500 gold
                  | pieces
 28081 | Orc:2    | Found the +8 arc blade {discharge, rElec}
 28087 | Orc:2    | Bought a shiny helmet for 187 gold pieces
 28273 | Shoals:1 | Entered Level 1 of the Shoals
 28684 | Shoals:1 | Received a gift from Trog
 29054 | Shoals:1 | Reached XP level 17. HP: 119/122 MP: 17/17
 30001 | Shoals:2 | Found a hide-covered altar of Uskayaw.
 30016 | Shoals:2 | Reached skill level 10 in Shields
 31275 | Shoals:3 | Received a gift from Trog
 31980 | Shoals:3 | Identified the +2 robe of the Realm of Zot {MR++ rCorr
                  | Dex-4 SInv}
 32239 | Shoals:4 | Entered Level 4 of the Shoals
 32284 | Shoals:4 | Received a gift from Trog
 34334 | Shoals:4 | Reached XP level 18. HP: 130/130 MP: 18/18
 34861 | Shoals:4 | Noticed a kraken
 34897 | Shoals:4 | Killed a kraken
 34949 | Shoals:4 | Got a barnacled rune of Zot
 35370 | Vaults:1 | Entered Level 1 of the Vaults
 36004 | Vaults:1 | Received a gift from Trog
 36440 | Vaults:1 | Received a gift from Trog
 37861 | Vaults:1 | Found a portal to a secret trove of treasure.
 37880 | Trove    | Entered a treasure trove
 37894 | Trove    | Got a pair of scorched gloves
 37896 | Trove    | Identified the +0 pair of gloves of the Wasteland {rCorr
                  | Stlth+} (You found it in a treasure trove)
 37902 | Trove    | Got a wavering jade ring
 37903 | Trove    | Identified the ring "Kettish" {rElec rC- rN+ Dex-5 Stlth+}
                  | (You found it in a treasure trove)
 38568 | Vaults:2 | Reached XP level 19. HP: 108/137 MP: 19/19
 38693 | Vaults:2 | Reached skill level 15 in Dodging
 38693 | Vaults:2 | Reached skill level 15 in Armour
 38843 | Vaults:2 | Reached * piety under Trog
 39102 | Vaults:2 | You fall through a shaft!
 39128 | Vaults:3 | Paralysed by a hornet for 2 turns
 40087 | Vaults:2 | Found a staircase to the Crypt.
 40087 | Vaults:2 | Found a basalt altar of Yredelemnul.
 40088 | Vaults:2 | Found an ancient bone altar of Kikubaaqudgha.
 40908 | Vaults:3 | Reached skill level 15 in Shields
 42162 | Vaults:3 | Reached XP level 20. HP: 143/144 MP: 20/20
 42264 | Vaults:3 | Reached skill level 15 in Fighting
 42909 | Vaults:3 | Killed from afar by a quicksilver dragon

Vault maps used:
D:1:      co_arrival_random_square_maze
D:2:      nicolae_overflow_crystal_walls, serial_bayou, serial_bayou_pond_b,
          serial_bayou_pond_e, serial_bayou_crossing, serial_bayou_pond_e,
          minmay_misc_feat_roman
D:3:      nicolae_overflow_hidden_temple, uniq_sigmund
D:4:      old_standard_altar, first_ration, elyvilon_altar_5, uniq_robin,
          uniq_edmund, uniq_grinder
D:5:      hellmonk_ghost_happy_afterlife, fedhas_altar_fruit_tree
D:6:      nicolae_tso_besieged_by_evil, lemuel_round_altar,
          gammafunk_temple_overflow_wave, st_stairs_8, uniq_prince_ribbit1,
          uniq_eustachio
D:7:      minmay_temple_entry_glassed_door
D:8:      grunt_dithmenos_smoke, enter_ossuary_5, serial_shops,
          nicolae_shop_window_shopping, special_room
D:9:      erik_lair_orcish_takeover, david_orc_5, uniq_maurice
D:10:     hangedman_fish_farm, chequers_serial_rivers_marsh
D:11:     minmay_the_grid_square_5x5_5x5, minmay_misc_feat_x, uniq_sonja,
          uniq_fannar
D:13:     hangedman_vaults_entry_quadrant_bands, gammafunk_ghost_grave,
          chequers_avenue, uniq_nessos
D:14:     enter_bailey_2, corexii_leaking_fountain, uniq_azrael
D:15:     grunt_enter_depths_giant_problem, minmay_misc_feat_plants,
          glass_columns_a, chequers_serial_rivers_small_b
Temple:   eino_wide_crystal_templ
Lair:1:   basic_altar, kennysheep_abandoned_house, grunt_megastairs_1
Lair:2:   nicolae_volcano_entry_hallway
Lair:3:   nicolae_spider_entry_non_spiders, basic_altar, grunt_megastairs_5
Lair:4:   minmay_shoals_entry_centaurs, serial_bayou_shore_b
Lair:5:   maelrawn_ghost_gauntlet_escape, serial_bayou_pond_c,
          chequers_serial_rivers_room_a, grunt_forest_small_clearings,
          uniq_kirke
Lair:6:   minmay_lair_end_frog_pond, dpeg_slime_entry_enclosed_altar,
          ebering_ghost_funeral_grove, minivault_19
Shoals:2: lemuel_oklob_altar
Shoals:3: cheibrodos_shoals_baths, hangedman_shoals_cup_caves
Shoals:4: shoals_end_hangedman
Orc:1:    uniq_snorg
Orc:2:    grunt_orc_community_town_hall, grunt_orc_community_big_house_1,
          grunt_orc_community_big_house_2, grunt_orc_community_house_2,
          grunt_orc_community_house_3, grunt_orc_community_house_1,
          grunt_orc_community_house_1, basic_altar
Vaults:1: v_rooms_6, ontoclasm_vaults_decontamination, nicolae_vaults_asterisk,
          v_misc_24, vaults_dpeg_hooks, nicolae_trove_entry_path_of_doom
Vaults:2: v_rooms_6, hangedman_vaults_corner_blocks,
          nicolae_vaults_network_star, ontoclasm_vaults_twist,
          minmay_crypt_entry_necro_gods, nicolae_vaults_circle_grid_a,
          vaults_mumra_minichess_inversion, ontoclasm_vaults_ligature,
          ontoclasm_vaults_chip
Vaults:3: nicolae_vaults_little_squares_2, st_greater_box_3, grunt_vaults_swirl,
          v_misc_8, v_misc_24, ontoclasm_vaults_gateway,
          ontoclasm_vaults_hangar, ontoclasm_vaults_shuriken,
          grunt_vaults_diagonal, nicolae_vaults_little_squares_3, v_misc_19
Trove:    trove_simple
Ossuary:  ossuary_due_small_catacomb
Bailey:   bailey_axe_4, bailey

Skill      XL: |  1  2  3  4  5  6  7  8  9 10 11 12 13 14 15 16 17 18 19 20 |
---------------+-------------------------------------------------------------+-----
Fighting       | 3 4 5 6 7 9 11 12 13 14 15 | 15.0
Long Blades    | 4 5 7 8 11 12 13 14 | 14.0
Armour         | 3 4 5 6 7 8 10 11 12 13 14 15 | 15.7
Dodging        | 3 4 5 6 7 8 10 11 12 13 14 15 | 15.7
Shields        | 2 4 5 6 9 12 14 15 | 15.9
Slings         | 3 11 13 14 | 14.0

Action                   |  1- 3 |  4- 6 |  7- 9 | 10-12 | 13-15 | 16-18 | 19-21 || total
-------------------------+-------+-------+-------+-------+-------+-------+-------++-------
Melee: Falchion          |   114 |   131 |   374 |       |   135 |       |       ||   754
       Rapier            |       |       |    67 |    91 |     3 |   538 |   454 ||  1153
       Scimitar          |       |       |       |       |       |    85 |       ||    85
       Fustibalus        |       |       |       |       |       |     2 |       ||     2
 Fire: Hunting sling     |       |       |    84 |   263 |       |       |       ||   347
       Fustibalus        |       |       |       |   508 |  1561 |  1446 |   279 ||  3794
Invok: Berserk           |     1 |     1 |     7 |     3 |     1 |     5 |     1 ||    19
       Trog's Hand       |     1 |     1 |     3 |     2 |     5 |     6 |     1 ||    19
       Brothers in Arms  |       |       |       |       |     1 |     6 |       ||     7
  Use: Scroll            |     4 |     1 |     4 |    12 |    16 |    11 |     3 ||    51
       Potion            |       |       |     3 |     1 |     5 |     4 |       ||    13
 Stab: Sleeping          |     1 |       |       |       |       |       |       ||     1
       Distracted        |       |       |       |       |       |     1 |       ||     1
  Eat: Chunk             |     2 |     3 |    17 |    17 |    27 |    37 |    14 ||   117
       Ration            |       |     1 |     1 |     1 |     3 |     6 |       ||    12
Armor: Scale mail        |    29 |    23 |    35 |       |       |       |       ||    87
       Chain mail        |       |       |    23 |       |       |       |       ||    23
       Plate armour      |       |       |    80 |    85 |   217 |   249 |   153 ||   784
Dodge: Dodged            |    61 |    55 |   222 |   153 |   468 |   599 |   339 ||  1897
Block: Other             |    11 |    25 |    11 |       |       |       |       ||    47
       Reflection        |       |     1 |     1 |    13 |    45 |   102 |    37 ||   199
       Buckler           |       |       |   203 |   146 |   477 |       |       ||   826
       Shield            |       |       |       |       |    15 |   945 |   552 ||  1512
       Rpst.: Falchion   |    17 |    19 |    60 |       |    10 |       |       ||   106
       Scimitar          |       |       |       |       |       |    20 |       ||    20

Table legend:
 A = Non-vault XP
 B = Vault XP
 C = Vault XP percentage of total XP
 D = Non-vault monster count
 E = Vault monster count
 F = Vault count percentage of total count
                 A         B        C        D         E       F
            +---------+---------+-------+---------+---------+-------
      Total |  214916 |  132061 |  38.1 |     762 |     470 |  38.1
            +---------+---------+-------+---------+---------+-------
        D:1 |      33 |       0 |   0.0 |      17 |       0 |   0.0
        D:2 |      26 |       1 |   3.7 |      15 |       1 |   6.2
        D:3 |      54 |     220 |  80.3 |      19 |       1 |   5.0
        D:4 |     506 |     188 |  27.1 |      15 |      10 |  40.0
        D:5 |     458 |      88 |  16.1 |      15 |       1 |   6.2
        D:6 |     972 |     484 |  33.2 |      21 |      11 |  34.4
        D:7 |     589 |       0 |   0.0 |       9 |       0 |   0.0
        D:8 |     445 |     228 |  33.9 |      10 |      24 |  70.6
        D:9 |    1846 |    1691 |  47.8 |      35 |      31 |  47.0
       D:10 |    1741 |    2329 |  57.2 |      15 |       5 |  25.0
       D:11 |    1037 |    8677 |  89.3 |      12 |      39 |  76.5
       D:12 |    6474 |    1026 |  13.7 |      34 |       1 |   2.9
       D:13 |    5492 |    7069 |  56.3 |      19 |      15 |  44.1
       D:14 |    6851 |    2164 |  24.0 |      29 |       7 |  19.4
       D:15 |   14827 |    1847 |  11.1 |      28 |       1 |   3.4
     Lair:1 |    4286 |     734 |  14.6 |      21 |      18 |  46.2
     Lair:2 |    5451 |       0 |   0.0 |      21 |       0 |   0.0
     Lair:3 |    5656 |    1299 |  18.7 |      27 |      12 |  30.8
     Lair:4 |    3170 |     470 |  12.9 |       5 |       4 |  44.4
     Lair:5 |    7269 |    3017 |  29.3 |      26 |       5 |  16.1
     Lair:6 |    6570 |   12194 |  65.0 |      19 |      46 |  70.8
   Shoals:1 |   15038 |       0 |   0.0 |      32 |       0 |   0.0
   Shoals:2 |    4358 |     557 |  11.3 |      12 |       1 |   7.7
   Shoals:3 |    9394 |    8610 |  47.8 |      21 |      19 |  47.5
   Shoals:4 |   16752 |   19157 |  53.3 |      32 |      28 |  46.7
      Orc:1 |    1829 |     973 |  34.7 |      36 |       1 |   2.7
      Orc:2 |    6993 |    7740 |  52.5 |      55 |      66 |  54.5
   Vaults:1 |   37108 |    4735 |  11.3 |      68 |      11 |  13.9
   Vaults:2 |   22714 |   20816 |  47.8 |      45 |      29 |  39.2
   Vaults:3 |   26977 |   23625 |  46.7 |      49 |      25 |  33.8
    Ossuary |       0 |     236 | 100.0 |       0 |      31 | 100.0
     Bailey |       0 |    1886 | 100.0 |       0 |      27 | 100.0
            +---------+---------+-------+---------+---------+-------
